 Dungeon Crawl Stone Soup version 0.32-a0-933-ga8fa3634e4 (webtiles) character file.

Game seed: 13121889292882624113

152 jasper the Chopper (level 5, 0/41 HPs)
             Began as a Demonspawn Fighter on Apr 14, 2024.
             Slain by a wyvern skeleton (7 damage)
             ... on level 3 of the Dungeon.
             The game lasted 00:03:39 (2836 turns).

jasper the Chopper (Demonspawn Fighter)             Turns: 2836, Time: 00:03:39

Health: 0/41       AC:  8    Str: 18    XL:     5   Next: 11%
Magic:  5/5        EV:  8    Int:  9    God:
Gold:   196        SH:  5    Dex: 12    Spells: 4/4 levels left

rFire   . . .        a - +1 war axe (drain)
rCold   . . .        c - +1 buckler
rNeg    . . .        b - +0 scale mail
rPois   .            (no helmet)
rElec   .            (no cloak)
rCorr   .            (no gloves)
SInv    .            (no boots)
Will    .....        (no amulet) Stlth
                     (no ring)
HPRegen 0.26/turn    (no ring)
MPRegen 0.09/turn

%: no passive effects
@: wreathed by umbra
A: molten scales 1, foul shadow 1
a: no special abilities


You were on level 3 of the Dungeon.
You visited 1 branch of the dungeon, and saw 3 of its levels.

You collected 196 gold pieces.

Inventory:

Hand Weapons
 a - a +1 war axe of draining (weapon)
 d - a +0 hand axe
 n - a +2 spear of flaming
Missiles
 h - 5 poisoned darts
 i - 21 stones
 j - a boomerang (quivered)
Armour
 b - a +0 scale mail (worn)
 c - a +1 buckler (worn)
Scrolls
 e - a scroll of teleportation
 l - 2 scrolls of blinking
Potions
 f - 4 potions of curing
 g - a potion of attraction {unknown}
 k - a potion of brilliance {unknown}


   Skills:
 - Level 3.0 Fighting
 + Level 4.9 Axes
 - Level 2.6 Armour
 - Level 2.6 Shields


You had 4 spell levels left.
You didn't know any spells.
Your spell library was empty.

Dungeon Overview and Level Annotations

Branches:
Dungeon (3/15)

Altars:

Annotations:
D:3 Destark's ghost, amateur DENe


Innate Abilities, Weirdness & Mutations

You are partially covered in molten scales. (AC +2)
You are faintly shadowed, very rarely releasing foul flame when damaged in melee.


Message History

Partly explored, unvisited transporter.
Partly explored, unvisited transporter.
As you read the scroll labelled ZILU GOFREL, it crumbles to dust.
It is a scroll of brand weapon.
Your +1 war axe craves living souls!
a - a +1 war axe of draining (weapon)
There is a transporter here.
You enter the transporter and appear at another place.
You see here 2 potions of curing.
f - 4 potions of curing (gained 2)
The wyvern skeleton attacks as it pursues you!
The wyvern skeleton bites you. The wyvern skeleton barely misses you.
You take 4 damage, and have 37/41 hp.
The wyvern skeleton attacks as it pursues you!
The wyvern skeleton bites you.
You take 4 damage, and have 34/41 hp.
The wyvern skeleton attacks as it pursues you!
The wyvern skeleton bites you but does no damage.
The wyvern skeleton bites you!
You take 9 damage, and have 25/41 hp.
MASSIVE DAMAGE!!
There is a transporter here.
You enter the transporter and appear at another place.
You block the wyvern skeleton's attack.
You slash the wyvern skeleton!
The wyvern skeleton is moderately damaged.
You block the wyvern skeleton's attack. x2
You slash the wyvern skeleton!
The wyvern skeleton is severely damaged.
You block the wyvern skeleton's attack. The wyvern skeleton bites you!
You take 8 damage, and have 18/41 hp.
You hit the wyvern skeleton but do no damage.
The wyvern skeleton is severely damaged.
The wyvern skeleton bites you!
* * * LOW HITPOINT WARNING * * *
You take 11 damage, and have 7/41 hp.
MASSIVE DAMAGE!!
You hit the wyvern skeleton.
The wyvern skeleton is severely damaged.
The wyvern skeleton bites you but does no damage.
The wyvern skeleton bites you!
You die...

#..................###.##.####.#
#..................# #......##.##
#..#############...###>#.........
#..#...........#.......#..#......
#..#Z..........#..##.###.)####.##
#..#..###.###..#..##.# #..####.##
#..#..#ß#.#ß#..#..##.# #..>....##
...#..........5#Z.##.# #..#######
..§#....W©...ZW#@.##.# #..#######
#..#....Z.....Z#..##.###..##...##
#..#..#ß#.#ß#.Z#......†))#...#.##
#..#..###.###..#..######.<.......
#..#...........#..# #.........
#..#..........©#..# ##.###.###
#..#############..# #.# #.# #
..................# #.###.###
#.................# ##.#.....#


You could see Destark's ghost, a shadow imp, a bullfrog zombie, a bullfrog
skeleton and 2 wyvern skeletons.

Vanquished Creatures
  7 gnolls
  3 adders
  A dart slug (D:1)
  An orc (D:3)
  6 ball pythons
  4 endoplasms
  5 giant cockroaches (D:1)
  7 hobgoblins
  9 bats
  6 frilled lizards
  3 goblins (D:1)
  5 kobolds
  A rat (D:1)
58 creatures vanquished.

Notes
Turn   | Place    | Note
-------+----------+-------------------------------------------
     0 | D:1      | jasper the Demonspawn Fighter began the quest for the Orb.
     0 | D:1      | Reached XP level 1. HP: 18/18 MP: 1/1
    43 | D:1      | Reached skill level 2 in Axes
   104 | D:1      | Gained mutation: You are faintly shadowed, very rarely
                  | releasing foul flame when damaged in melee. [demonic
                  | ancestry]
   104 | D:1      | Reached XP level 2. HP: 23/24 MP: 2/2
   404 | D:1      | Reached skill level 3 in Axes
   674 | D:1      | Gained mutation: You are partially covered in molten
                  | scales. (AC +2) [demonic ancestry]
   674 | D:1      | Reached XP level 3. HP: 29/29 MP: 3/3
   888 | D:2      | Identified the +2 leather armour of Hedonism {-Tele Fly
                  | rCorr}
  1305 | D:2      | Reached XP level 4. HP: 18/35 MP: 4/4
  1309 | D:2      | Reached skill level 4 in Axes
  2245 | D:3      | Found a transporter.
  2482 | D:3      | Reached XP level 5. HP: 35/41 MP: 5/5
  2558 | D:3      | Found a transporter.
  2781 | D:3      | Noticed Destark's ghost (amateur DENe)
  2836 | D:3      | Slain by a wyvern skeleton

Illustrated notes

Levels and vault maps discovered:
D:1:      wander_arrival_lonely_grave, layout_basic, minmay_hexomino_r4
D:2:      wander_river, layout_loops_corners, st_stairs_6,
          minmay_misc_feat_pillars
D:3:      layout_loops_ring, gammafunk_ghost_mausoleum

Skill      XL: |  1  2  3  4 |
---------------+-------------+-----
Axes           | 2 3 4 |  4.9
Fighting       | |  3.0
Armour         | |  2.6
Shields        | |  2.6

Action                     |  1- 3 |  4- 6 || total
---------------------------+-------+-------++-------
  Melee: War axe           |   110 |    64 ||   174
  Throw: Boomerang         |     7 |    16 ||    23
         Dart              |     1 |       ||     1
    Use: Scroll            |     2 |     6 ||     8
         Potion            |     1 |       ||     1
 Armour: Scale mail        |   110 |    53 ||   163
  Dodge: Dodged            |    56 |    36 ||    92
  Block: Buckler           |    28 |    24 ||    52

Table legend: (Time is in decaauts)
 A = Elapsed time spent in this place.
 B = Non-inter-level travel time spent in this place.
 C = Inter-level travel time spent in this place.
 D = Time resting spent in this place.
 E = Time spent auto-exploring this place.
 F = Levels seen in this place.
 G = Mean time per level.
                   A        B        C        D        E       F      G
               +--------+--------+--------+--------+--------+-----+--------+
         Total |   2936 |   2854 |     82 |    346 |   1913 |   3 |  978.7 |
       Dungeon |   2936 |   2854 |     82 |    346 |   1913 |   3 |  978.7 |
               +--------+--------+--------+--------+--------+-----+--------+

Top non-repeatable levels by time:
     D:2: 1131 daAuts
     D:1: 904 daAuts
     D:3: 900 daAuts
